 Dungeon Crawl Stone Soup version 0.29.1-1-gd02db6906a (webtiles) character file.

Game seed: 1452344246798096224

17823 themarg the Cleaver (level 12, -18/97 HPs)
             Began as a Gnoll Cinder Acolyte on Sept 20, 2022.
             Was a Follower of Ignis.
             Demolished by a merfolk
             ... wielding a +0 trident
              (20 damage)
             ... on level 3 of the Lair of Beasts.
             The game lasted 01:03:51 (16597 turns).

themarg the Cleaver (Gnoll Cinder Acolyte)         Turns: 16597, Time: 01:03:52

Health: -18/97     AC: 17    Str: 14    XL:     12   Next: 52%
Magic:  2/24       EV: 13    Int: 18    God:    Ignis [*.....]
Gold:   955        SH:  0    Dex:  8    Spells: 12/27 levels left

rFire   + . .      SeeInvis .   a - -1 hand axe (flame)
rCold   . . .      Faith    .   (no shield)
rNeg    . . .      Spirit   .   T - +0 acid dragon scales
rPois   .          Reflect  .   F - +2 helmet
rElec   .          Harm     .   (no cloak)
rCorr   +          Rampage  .   M - +1 pair of gloves
Will    .....                   (no boots)
Stlth   +++.......              m - amulet of regeneration
HPRegen 1.06/turn               f - ring of wizardry
MPRegen 0.19/turn               p - +4 ring of protection

@: no status effects
A: fangs 1, strong nose, distributed training
a: Renounce Religion, Fiery Armour, Foxfire Swarm, Rising Flame


You were on level 3 of the Lair of Beasts.
You worshipped Ignis.
Ignis was aware of your devotion.
You visited 3 branches of the dungeon, and saw 15 of its levels.

You collected 979 gold pieces.
You spent 24 gold pieces at shops.

Inventory:

Hand Weapons
 a - a -1 hand axe of flaming (weapon)
 j - a +0 dagger of venom
 y - a +3 dagger of venom
 O - a +2 shortbow of freezing
 R - a +5 halberd
Missiles
 D - 9 poisoned darts (quivered)
Armour
 b - a +0 robe
 F - a +2 helmet (worn)
 I - the +0 helmet of the Cricket {*Slow Will+++ Int+6 Dex+4}
   (You found it on level 7 of the Dungeon)

   Int:       It affects your intelligence (+6).
   Dex:       It affects your dexterity (+4).
   *Slow:     It may slow you when you take damage.
   Will:      It greatly increases your willpower.
 M - a +1 pair of gloves (worn)
 P - +0 steam dragon scales
 T - +0 acid dragon scales (worn)
 W - +0 swamp dragon scales
Jewellery
 f - a ring of wizardry (left hand)
 g - a ring of willpower
 m - an amulet of regeneration (around neck)
 p - a +4 ring of protection (right hand)
 Y - a +6 ring of dexterity
Wands
 J - a wand of polymorph (21)
 N - a wand of acid (7)
 X - a wand of mindburst (11)
 Z - a wand of roots (4)
Scrolls
 c - 2 scrolls of enchant armour {unknown}
 l - 3 scrolls of immolation {unknown}
 o - 3 scrolls of butterflies {unknown}
 q - 3 scrolls of fear {unknown}
 s - 3 scrolls of amnesia
 t - 5 scrolls of teleportation
 u - a scroll of silence {unknown}
 v - 5 scrolls of noise
 C - 2 scrolls of identify
 E - a scroll of blinking {unknown}
 G - 3 scrolls of magic mapping {unknown}
 K - a scroll of torment {unknown}
 L - 2 scrolls of poison {unknown}
 Q - 2 scrolls of enchant weapon {unknown}
 S - a scroll of brand weapon {unknown}
Potions
 d - 5 potions of attraction {unknown}
 e - 5 potions of might
 h - 5 potions of lignification {unknown}
 i - 5 potions of curing
 k - a potion of cancellation {unknown}
 n - 3 potions of flight {unknown}
 r - 2 potions of degeneration
 w - 2 potions of mutation {unknown}
 z - 3 potions of heal wounds {unknown}
 A - 5 potions of invisibility
 B - 2 potions of haste {unknown}
 H - a potion of magic {unknown}
 U - a potion of brilliance {unknown}
 V - a potion of resistance {unknown}


   Skills:
 + Level 10.1 Fighting
 + Level 7.6 Short Blades
 + Level 7.6 Long Blades
 + Level 10.1 Axes
 + Level 7.6 Maces & Flails
 + Level 7.6 Polearms
 + Level 7.6 Staves
 + Level 7.6 Ranged Weapons
 + Level 7.6 Throwing
 + Level 7.6 Armour
 + Level 7.6 Dodging
 + Level 7.6 Stealth
 + Level 7.6 Shields
 + Level 7.6 Unarmed Combat
 + Level 8.2 Spellcasting
 + Level 6.3 Conjurations
 + Level 6.3 Hexes
 + Level 6.3 Summonings
 + Level 6.3 Necromancy
 + Level 6.3 Translocations
 + Level 6.3 Transmutations
 + Level 8.5 Fire Magic
 + Level 6.3 Ice Magic
 + Level 6.3 Air Magic
 + Level 6.3 Earth Magic
 + Level 6.3 Poison Magic
 + Level 8.4 Invocations
 + Level 7.6 Evocations


You had 12 spell levels left.
You knew the following spells:

 Your Spells              Type           Power      Damage    Failure   Level
a - Scorch                Fire           76%        2d9       1%          2
b - Airstrike             Air            15%        2d(3-19)  4%          4
c - Hailstorm             Conj/Ice       30%        3d8       4%          4
d - Metabolic Englaciati  Hex/Ice        15%        N/A       11%         5

Your spell library contained the following spells:

 Spells                   Type           Power      Damage    Failure   Level
 Foxfire                  Conj/Fire      100%       2x1d9     1%          1
 Freeze                   Ice            100%       1d11      1%          1
 Shock                    Conj/Air       100%       1d9       1%          1
 Slow                     Hex            100%       N/A       1%          1
 Confusing Touch          Hex            30%        N/A       1%          3
 Conjure Flame            Conj/Fire      34%        6-21      1%          3
 Frozen Ramparts          Ice            60%        1d10      1%          3
 Inner Flame              Hex/Fire       34%        N/A       1%          3
 Ozocubu's Armour         Ice            30%        N/A       1%          3
 Swiftness                Air            30%        N/A       1%          3
 Vampiric Draining        Necr           30%        2d8       1%          3
 Flame Wave               Conj/Fire      34%        2d10      2%          4
 Yara's Violent Unravell  Hex/Tmut       15%        3d8       11%         5
 Simulacrum               Ice/Necr       15%        N/A       47%         6
 Enfeeble                 Hex            15%        N/A       95%         7


Dungeon Overview and Level Annotations

Branches:
Dungeon (11/15)            Temple (1/1) D:7            Lair (3/5) D:11
 Shoals (0/4) Lair:3          Orc (0/2) D:11
  Snake: Lair:2-3    Spider: Lair:2-3

Altars:
Ashenzari
Cheibriados
Dithmenos
Elyvilon
Fedhas
Gozag
Hepliaklqana
Kikubaaqudgha
Makhleb
Nemelex Xobeh
Okawaru
Qazlal
Ru
Sif Muna
Trog
Uskayaw
Vehumet
Wu Jian
Xom
Yredelemnul
Zin
The Shining One

Shops:
D:1 [   D:4 *?([   D:7 :

Annotations:
D:1 2 runed translucent doors


Innate Abilities, Weirdness & Mutations

You have very sharp teeth.
Your uncanny sense of smell can sniff out nearby items.
Your experience applies equally to all skills.


Message History

Flames leap up around you!
You feel sick.
The merfolk hits you from afar with a +0 trident.
* * * LOW HITPOINT WARNING * * *
The black mamba bites you.
* * * LOW HITPOINT WARNING * * *
Your foxfire dissipates!
You feel sick.
The foxfire hits the black mamba.
The black mamba is heavily wounded.
The foxfire hits the black mamba.
The black mamba is heavily wounded.
The foxfire hits the merfolk.
The merfolk is lightly wounded.
The foxfire hits the black mamba but does no damage.
The black mamba is heavily wounded.
The merfolk is engulfed in a cloud of scalding steam.
The black mamba bites you but does no damage.
Your foxfire dissipates!
You feel sick. The black mamba completely misses you.
Casting: Airstrike (dangerous; 4% risk of failure)
Confirm with . or Enter, or press ? or * to list all spells.
Flames lash the merfolk.
The merfolk is heavily wounded.
The merfolk's fire resistance burns away.
You feel sick.
The black mamba bites you but does no damage.
The merfolk hits you from afar with a +0 trident!
* * * LOW HITPOINT WARNING * * *
The black mamba bites you.
* * * LOW HITPOINT WARNING * * *
You are lethally poisoned!
The black mamba poisons you!
You feel better. The black mamba closely misses you.
The merfolk hits you from afar with a +0 trident!
* * * LOW HITPOINT WARNING * * *
The black mamba closely misses you.
Unknown command.
As you read the scroll of identify, it crumbles to dust.
s - 3 scrolls of amnesia The merfolk hits you from afar with a +0 trident!!
You die...

##.####### ###
##.#..#..P######.#
.................#
.................#
...#.#####P.####.##
...### ######...#
...# #....## #..#
###.#.# ....# #@###
#..## #S#v# . #m.#
. #..# . #.~..# #
#~)).### . ~~~~...
# #>#..## ...##


You could see a merfolk (combustible) and a black mamba.

Vanquished Creatures
  A hydra (Lair:2)
  A two-headed ogre (D:10)
  A wizard (D:10)
  2 oklob plants
  2 ugly things
  A manticore (D:11)
  3 black mambas (Lair:1)
  2 merfolk sirens (Lair:3)
  2 cane toads
  2 rime drakes
  2 komodo dragons
  Maggie (D:9)
  A merfolk (Lair:3)
  7 blink frogs (Lair:1)
  A shadow (D:11)
  Sigmund (D:5)
  14 yaks
  A wyvern (D:11)
  3 steam dragons
  2 basilisks
  2 vampire mosquitoes (D:10)
  An acid dragon (D:11)
  5 water moccasins
  2 black bears
  A sky beast (D:8)
  2 ice beasts
  22 wolves
  4 ogres
  A phantom (D:5)
  3 centaurs
  A kobold brigand (D:8)
  A scorpion (D:5)
  A gnoll sergeant (D:9)
  4 bullfrogs
  9 wights (D:10)
  16 killer bees (D:9)
  5 howler monkeys
  3 jellies
  A hound (D:7)
  2 orc priests
  3 iguanas
  5 orc wizards
  3 gnolls (D:9)
  5 adders
  A shadow imp (D:5)
  4 white imps
  2 ufetubi (D:6)
  A worm (D:3)
  2 dart slugs (D:1)
  17 orcs
  8 endoplasms
  2 giant cockroaches (D:1)
  9 goblins
  5 hobgoblins
  4 jackals (D:1)
  2 quokkas (D:1)
  5 ball pythons
  5 bats
  3 frilled lizards
  7 kobolds
  6 rats
235 creatures vanquished.

Vanquished Creatures (others)
  43 foxfires
  11 fungi
  47 plants
101 creatures vanquished.

Grand Total: 336 creatures vanquished

Notes
Turn   | Place    | Note
-------+----------+-------------------------------------------
     0 | D:1      | themarg the Gnoll Cinder Acolyte began the quest for the
                  | Orb.
     0 | D:1      | Reached XP level 1. HP: 23/23 MP: 4/4
    70 | D:1      | Found Cenaz's Antique Armour Shoppe.
    96 | D:1      | Reached XP level 2. HP: 5/29 MP: 5/5
   501 | D:1      | Learned a level 2 spell: Scorch
   777 | D:1      | Found a large runed translucent door.
   777 | D:1      | Found a large runed translucent door.
   992 | D:1      | Reached XP level 3. HP: 35/35 MP: 4/7
  1512 | D:2      | Reached skill level 1 in Invocations
  1928 | D:2      | Reached skill level 1 in Short Blades
  1928 | D:2      | Reached skill level 1 in Long Blades
  1928 | D:2      | Reached skill level 1 in Maces & Flails
  1928 | D:2      | Reached skill level 1 in Polearms
  1928 | D:2      | Reached skill level 1 in Staves
  1928 | D:2      | Reached skill level 1 in Ranged Weapons
  1928 | D:2      | Reached skill level 1 in Throwing
  1928 | D:2      | Reached skill level 1 in Armour
  1928 | D:2      | Reached skill level 1 in Dodging
  1928 | D:2      | Reached skill level 1 in Stealth
  1928 | D:2      | Reached skill level 1 in Shields
  1928 | D:2      | Reached skill level 1 in Unarmed Combat
  1928 | D:2      | Reached skill level 1 in Evocations
  2526 | D:3      | Reached XP level 4. HP: 41/41 MP: 5/8
  3190 | D:3      | Reached skill level 1 in Conjurations
  3190 | D:3      | Reached skill level 1 in Hexes
  3190 | D:3      | Reached skill level 1 in Summonings
  3190 | D:3      | Reached skill level 1 in Necromancy
  3190 | D:3      | Reached skill level 1 in Translocations
  3190 | D:3      | Reached skill level 1 in Transmutations
  3190 | D:3      | Reached skill level 1 in Ice Magic
  3190 | D:3      | Reached skill level 1 in Air Magic
  3190 | D:3      | Reached skill level 1 in Earth Magic
  3190 | D:3      | Reached skill level 1 in Poison Magic
  3230 | D:4      | Found Lysurox's Armour Shoppe.
  3306 | D:4      | Found Wyxtae's Magic Scroll Boutique.
  3341 | D:4      | Bought a scroll of identify for 24 gold pieces
  3437 | D:4      | Found Meokume's Weapon Shop.
  3635 | D:4      | Reached XP level 5. HP: 47/47 MP: 6/9
  3881 | D:4      | Found Bitwulism's Assorted Antiques.
  4341 | D:5      | Entered Level 5 of the Dungeon
  4348 | D:5      | Reached XP level 6. HP: 53/53 MP: 5/11
  4447 | D:5      | Noticed an ice beast
  4458 | D:5      | Killed an ice beast
  4557 | D:5      | Noticed a black bear
  4563 | D:5      | Noticed Sigmund
  4566 | D:5      | Killed a black bear
  4567 | D:5      | Reached XP level 7. HP: 34/60 MP: 8/12
  4580 | D:5      | Killed Sigmund
  4848 | D:5      | Identified the +2 scale mail of the Moon Troll {-Tele rElec
                  | Regen+ Int+2}
  4874 | D:5      | Reached XP level 8. HP: 57/67 MP: 10/14
  5059 | D:5      | Found a stormy altar of Qazlal.
  5060 | D:5      | Found a radiant altar of Vehumet.
  6218 | D:7      | Found Weohats's Book Emporium.
  6288 | D:7      | Reached XP level 9. HP: 73/73 MP: 12/16
  6605 | D:7      | Reached skill level 5 in Spellcasting
  6640 | D:7      | Found a staircase to the Ecumenical Temple.
  6651 | D:7      | Identified the +0 helmet of the Cricket {*Slow Will+++
                  | Int+6 Dex+4}
  6899 | Temple   | Entered the Ecumenical Temple
  8075 | D:9      | Reached skill level 5 in Invocations
  8414 | D:9      | Noticed Maggie
  8688 | D:9      | Reached skill level 5 in Short Blades
  8688 | D:9      | Reached skill level 5 in Long Blades
  8688 | D:9      | Reached skill level 5 in Maces & Flails
  8688 | D:9      | Reached skill level 5 in Polearms
  8688 | D:9      | Reached skill level 5 in Staves
  8688 | D:9      | Reached skill level 5 in Ranged Weapons
  8688 | D:9      | Reached skill level 5 in Throwing
  8688 | D:9      | Reached skill level 5 in Armour
  8688 | D:9      | Reached skill level 5 in Dodging
  8688 | D:9      | Reached skill level 5 in Stealth
  8688 | D:9      | Reached skill level 5 in Shields
  8688 | D:9      | Reached skill level 5 in Unarmed Combat
  8688 | D:9      | Reached skill level 5 in Evocations
  8688 | D:9      | Reached XP level 10. HP: 70/81 MP: 10/18
  9323 | D:9      | Learned a level 4 spell: Airstrike
  9331 | D:9      | Killed Maggie
  9462 | D:10     | Entered Level 10 of the Dungeon
  9629 | D:10     | Noticed a wizard
 10267 | D:10     | Killed a wizard
 10531 | D:10     | Noticed a two-headed ogre
 10538 | D:10     | Killed a two-headed ogre
 10571 | D:10     | Reached skill level 5 in Conjurations
 10571 | D:10     | Reached skill level 5 in Hexes
 10571 | D:10     | Reached skill level 5 in Summonings
 10571 | D:10     | Reached skill level 5 in Necromancy
 10571 | D:10     | Reached skill level 5 in Translocations
 10571 | D:10     | Reached skill level 5 in Transmutations
 10571 | D:10     | Reached skill level 5 in Ice Magic
 10571 | D:10     | Reached skill level 5 in Air Magic
 10571 | D:10     | Reached skill level 5 in Earth Magic
 10571 | D:10     | Reached skill level 5 in Poison Magic
 10571 | D:10     | Reached XP level 11. HP: 24/89 MP: 1/21
 11028 | D:11     | Found a staircase to the Lair.
 11028 | D:11     | Noticed an oklob plant
 11122 | D:11     | Noticed a purple ugly thing
 11125 | D:11     | Noticed a manticore
 11129 | D:11     | Noticed a green ugly thing
 11148 | D:10     | Killed a purple ugly thing
 11445 | D:11     | Killed a purple ugly thing
 11697 | D:11     | Killed a manticore
 11918 | D:11     | Found a staircase to the Orcish Mines.
 12246 | D:11     | Killed an oklob plant
 12346 | D:11     | Learned a level 4 spell: Hailstorm
 12347 | Lair:1   | Entered Level 1 of the Lair of Beasts
 13391 | Lair:1   | Found a blossoming altar of Fedhas.
 13411 | Lair:1   | Noticed an oklob plant
 13438 | Lair:1   | Killed an oklob plant
 14366 | Lair:1   | Reached XP level 12. HP: 66/97 MP: 5/23
 15472 | Lair:2   | Noticed a seven-headed hydra
 15599 | Lair:1   | Learned a level 5 spell: Metabolic Englaciation
 15698 | Lair:2   | Killed a seven-headed hydra
 15699 | Lair:2   | Reached skill level 10 in Fighting
 15699 | Lair:2   | Reached skill level 10 in Axes
 16571 | Lair:3   | Found a staircase to the Shoals.
 16596 | Lair:3   | HP: 1/97 [merfolk/+0 trident (14)]
 16597 | Lair:3   | Demolished by a merfolk

Illustrated notes

Levels and vault maps discovered:
D:1:      erik_arrival_cave_to_civilisation [erik_arrival_cave_to_temple],
          layout_rooms, serial_bayou, serial_bayou_lagoon_a,
          serial_bayou_shore_a, serial_bayou_pond_d, serial_bayou_crossing,
          serial_bayou_pond_e, serial_bayou_pond_b, serial_shops,
          nicolae_shop_behind_doors
D:2:      layout_basic, serial_park_tiny_2, grunt_ministairs_2, hex_intersection
D:3:      layout_rooms
D:4:      layout_cave_pods, serial_shops, nicolae_shop_bloodbath_and_beyond,
          shop_scrolls, shop_fountains, nicolae_stop_n_shop_2,
          chequers_serial_rivers_micro_a, grunt_decor_cap,
          palyth_stone_intersect
D:5:      layout_cave_pools, nicolae_overflow_squiral, uniq_sigmund
D:6:      layout_basic
D:7:      layout_loops_cross, temple_fountains, serial_shops, shop
D:8:      layout_rooms
D:9:      layout_roguey, uniq_maggie
D:10:     layout_loops_ring
D:11:     layout_loops_cross, dpeg_oklobed_lair, orc_0_dummy
Temple:   mainiacjoe_temple_big_plus
Lair:1:   layout_cave_pods, tgw_fedhas, grunt_megastairs_3
Lair:2:   layout_roguey, serial_bayou_shore_b
Lair:3:   layout_chaotic_city, elwin_shoals_entry_stream,
          minmay_snake_entry_six_corridors, serial_bayou_lagoon_b

Skill      XL: |  1  2  3  4  5  6  7  8  9 10 11 12 |
---------------+-------------------------------------+-----
Invocations    | 1 2 3 4 5 6 7 8 |  8.4
Short Blades   | 1 2 3 5 6 7 |  7.6
Long Blades    | 1 2 3 5 6 7 |  7.6
Maces & Flails | 1 2 3 5 6 7 |  7.6
Polearms       | 1 2 3 5 6 7 |  7.6
Staves         | 1 2 3 5 6 7 |  7.6
Ranged Weapons | 1 2 3 5 6 7 |  7.6
Throwing       | 1 2 3 5 6 7 |  7.6
Armour         | 1 2 3 5 6 7 |  7.6
Dodging        | 1 2 3 5 6 7 |  7.6
Stealth        | 1 2 3 5 6 7 |  7.6
Shields        | 1 2 3 5 6 7 |  7.6
Unarmed Combat | 1 2 3 5 6 7 |  7.6
Evocations     | 1 2 3 5 6 7 |  7.6
Spellcasting   | 3 4 5 6 7 8 |  8.2
Conjurations   | 1 2 3 4 5 6 |  6.3
Hexes          | 1 2 3 4 5 6 |  6.3
Summonings     | 1 2 3 4 5 6 |  6.3
Necromancy     | 1 2 3 4 5 6 |  6.3
Translocations | 1 2 3 4 5 6 |  6.3
Transmutations | 1 2 3 4 5 6 |  6.3
Ice Magic      | 1 2 3 4 5 6 |  6.3
Air Magic      | 1 2 3 4 5 6 |  6.3
Earth Magic    | 1 2 3 4 5 6 |  6.3
Poison Magic   | 1 2 3 4 5 6 |  6.3
Fighting       | 7 8 9 10 | 10.1
Axes           | 7 8 9 10 | 10.1
Fire Magic     | 6 7 8 |  8.5

Action                   |  1- 3 |  4- 6 |  7- 9 | 10-12 || total
-------------------------+-------+-------+-------+-------++-------
Melee: Hand axe          |    41 |    45 |   153 |   344 ||   583
       Bite              |     2 |     1 |    18 |    44 ||    65
       Punch             |       |       |     3 |    24 ||    27
 Cast: Scorch            |    32 |    38 |   106 |   147 ||   323
       Airstrike         |       |       |       |    73 ||    73
       Hailstorm         |       |       |       |    11 ||    11
       Metabolic Englaci |       |       |       |     3 ||     3
Invok: Fiery Armour      |     1 |     1 |     1 |     3 ||     6
       Foxfire Swarm     |       |     1 |       |     3 ||     4
Evoke: Wand              |       |       |       |     8 ||     8
  Use: Scroll            |       |     5 |       |     3 ||     8
       Potion            |       |       |       |     2 ||     2
Armor: Robe              |    10 |    11 |    66 |    21 ||   108
       Acid dragon scale |       |       |       |   185 ||   185
Dodge: Dodged            |    36 |    20 |   142 |   297 ||   495
